 Dungeon Crawl Stone Soup version 0.28-a0-919-g0b5b508569 (webtiles) character file.

Game seed: 4487768730609996404

15 SmokeWeed the Skirmisher (level 2, -6/24 HPs)
             Began as a Demonspawn Cinder Acolyte on Nov 26, 2021.
             Was a High Priest of Ignis.
             Mangled by Natasha (9 damage)
             ... on level 2 of the Dungeon.
             The game lasted 00:01:49 (1127 turns).

SmokeWeed the Skirmisher (DsCA)                     Turns: 1127, Time: 00:01:50

Health: -6/24      AC:  2    Str: 14    XL:     2   Next: 34%
Magic:  1/3        EV: 10    Int: 15    God:    Ignis [*****.]
Gold:   32         SH:  2    Dex:  8    Spells: 1/3 levels left

rFire   + . .      SeeInvis .   a - -1 falchion (flame)
rCold   . . .      Faith    .   e - +0 buckler
rNeg    . . .      Spirit   .   b - +0 robe
rPois   .          Reflect  .   (no helmet)
rElec   .          Harm     .   (no cloak)
rCorr   .          Rampage  .   (no gloves)
Will    .....                   (no boots)
Stlth   +.........              (no amulet)
HPRegen 0.08/turn               (no ring)
MPRegen 0.08/turn               (no ring)

@: lethally poisoned (-6 -> -9)
A: claws 1
a: Renounce Religion, Fiery Armour, Foxfire Swarm, Rising Flame


You were on level 2 of the Dungeon.
You worshipped Ignis.
Ignis was extremely pleased with you.
You visited 1 branch of the dungeon, and saw 2 of its levels.

You collected 32 gold pieces.

Inventory:

Hand Weapons
 a - a -1 falchion of flaming (weapon)
Armour
 b - a +0 robe (worn)
 e - a +0 buckler (worn)
Scrolls
 c - a scroll of amnesia {unknown}
 d - 2 scrolls of teleportation {unknown}


   Skills:
 + Level 3.2 Fighting
 + Level 2.8 Long Blades
 + Level 0.1 Dodging
 + Level 1.0 Spellcasting
 + Level 3.0 Fire Magic


You had one spell level left.
You knew the following spells:

 Your Spells              Type           Power      Damage    Failure   Level
a - Scorch                Fire           18%        2d5       19%         2

Your spell library contained the following spells:

 Spells                   Type           Power      Damage    Failure   Level


Dungeon Overview and Level Annotations

Branches:
Dungeon (2/15)

Altars:

Annotations:
D:2 Natasha


Innate Abilities, Weirdness & Mutations

You have sharp fingernails.


Message History

You hit the bat. You burn the bat.
You kill the bat!
No target in view!
Found a stone staircase leading down.
Natasha, Servant of Life and Death comes into view.
Natasha hisses angrily.
Natasha stares at you and mumbles some strange words.
The magic dart hits you!
An adder comes into view.
A hobgoblin comes into view.
The adder hisses angrily.
The hobgoblin shouts!
A bat comes into view.
The bat moves out of view.
Casting: Scorch (safe; 19% risk of failure)
Press: ? - help, Q - select action Dir - look around, f - activate Flames lash Natasha.
Natasha is moderately wounded.
Natasha's fire resistance burns away.
You closely miss Natasha.
Natasha is moderately wounded.
Natasha casts a spell at you. The magic dart hits you.
Natasha stares at you and mumbles some strange words.
The magic dart hits you.
* * * LOW HITPOINT WARNING * * *
You closely miss Natasha.
Natasha is moderately wounded.
The adder bites you.
* * * LOW HITPOINT WARNING * * *
You are lethally poisoned!
The adder poisons you! Natasha completely misses you.
Unknown command.
You hit Natasha but do no damage.
Natasha is moderately wounded.
* * * LOW HITPOINT WARNING * * *
You feel sick.
Natasha is no longer more vulnerable to fire.
The adder closely misses you. The bat hits you but does no damage.
Natasha claws you!
You die...

##..#####.#.##.#.
##..†.........#..
##.............
###.##...###.##
#.....#.>.#..###
#.#.####........
...#.## #........
#####..###.S......
##..##@hg.....
#......b..####
#.........#
#.........#
#........>#
#...........
#.........###
#.........#
#.........#


You could see Natasha, an adder, a hobgoblin and a bat.

Vanquished Creatures
  A giant cockroach (D:1)
  2 goblins (D:1)
  4 hobgoblins (D:1)
  3 jackals (D:1)
  A ball python (D:2)
  A bat (D:2)
  A rat (D:1)
13 creatures vanquished.

Notes
Turn   | Place    | Note
-------+----------+-------------------------------------------
     0 | D:1      | SmokeWeed the Demonspawn Cinder Acolyte began the quest for
                  | the Orb.
     0 | D:1      | Reached XP level 1. HP: 18/18 MP: 2/2
   293 | D:1      | Gained mutation: You have sharp fingernails. [demonic
                  | ancestry]
   293 | D:1      | Reached XP level 2. HP: 24/24 MP: 3/3
   296 | D:1      | Learned a level 2 spell: Scorch
  1121 | D:2      | Noticed Natasha
  1127 | D:2      | Mangled by Natasha

Illustrated notes

Levels and vault maps discovered:
D:1:      dpeg_arrival_short_road, layout_basic, minivault_11,
          kennysheep_pointless_box
D:2:      wander_river, layout_rooms, chequers_jeans, uniq_natasha, uniq_sigmund

Skill      XL: |  1 |
---------------+----+-----
Fire Magic     | 3 |  3.0
Fighting       | |  3.2
Long Blades    | |  2.8
Dodging        | |  0.1
Spellcasting   | |  1.0

Action                   || total
-------------------------++-------
Melee: Falchion          ||    35
 Cast: Scorch            ||     7
Armor: Robe              ||    10
Dodge: Dodged            ||    28
Block: Buckler           ||     1

Table legend: (Time is in decaauts)
 A = Elapsed time spent in this place.
 B = Non-inter-level travel time spent in this place.
 C = Inter-level travel time spent in this place.
 D = Time resting spent in this place.
 E = Time spent auto-exploring this place.
 F = Levels seen in this place.
 G = Mean time per level.
                   A        B        C        D        E       F      G
               +--------+--------+--------+--------+--------+-----+--------+
         Total |   1141 |   1072 |     69 |      0 |    959 |   2 |  570.5 |
       Dungeon |   1141 |   1072 |     69 |      0 |    959 |   2 |  570.5 |
               +--------+--------+--------+--------+--------+-----+--------+

Top non-repeatable levels by time:
     D:1: 989 daAuts
     D:2: 151 daAuts
